Map: Bridgehead LE (Void)

Players

Fidgi - Winner!

  • Race: Terran Terran
  • League: Platinum

Javert

  • Race: Zerg Zerg
  • League: Gold

VOD

Have the link to the VOD?

Description

Time

  • Played on: Sept. 6, 2015, 4:27 p.m.
  • Length: 10:01
Show
View Real Time Build Order
Export as new Build Order

Fidgi Terran - Winner!

Build Orders: Command Center First (CC), Liberator Opening, MMM Bio 

Get SALT Encoding   

  12  0:01  SCV  
  13  0:13  SCV  
  14  0:25  SCV  
  15  0:30  Supply Depot  
  15  0:54  Command Center  
  15  0:55  SCV  
  16  1:07  SCV  
  17  1:11  Barracks  
  17  1:19  SCV  
  18  1:32  SCV, Refinery  
  19  1:33  Refinery  
  19  1:44  SCV  
  20  1:59  Orbital Command  
  20  2:05  Barracks Tech Lab  
  20  2:06  Orbital Command  
  20  2:14  Barracks  
  20  2:25  Supply Depot  
  20  2:33  Factory  
  20  2:36  SCV  
  21  2:38  SCV  
  22  2:45  Stimpack  
  22  2:48  SCV  
  22  2:50  SCV  
  24  2:52  Marine  
  25  3:03  Barracks Reactor  
  25  3:05  SCV  
  26  3:06  Barracks  
  26  3:07  SCV  
  27  3:13  Supply Depot  
  27  3:17  SCV, Factory Reactor  
  28  3:20  SCV  
  28  3:26  Starport  
  29  3:29  SCV  
  30  3:37  Marine  
  31  3:41  Marine x2  
  31  3:42  SCV  
  31  3:43  SCV  
  35  3:54  SCV  
  35  3:55  Barracks Reactor, SCV, Marine  
  38  3:58  Liberator  
  38  4:05  Refinery  
  38  4:06  SCV  
  38  4:07  SCV  
  38  4:08  Armory  
  43  4:19  SCV x2  
  43  4:21  Refinery  
  43  4:24  Engineering Bay  
  45  4:26  Engineering Bay  
  45  4:28  Marine  
  45  4:29  Marine x2  
  45  4:31  SCV  
  49  4:32  SCV, Factory Tech Lab  
  50  4:39  Marine  
  50  4:40  Supply Depot x2  
  50  4:43  SCV  
  52  4:47  SCV  
  53  4:55  Terran Infantry Weapons Level 1, SCV  
  54  5:02  SCV, Siege Tank  
  54  5:04  Marine x4  
  62  5:07  SCV, Combat Shields  
  62  5:12  Marine  
  64  5:14  SCV  
  65  5:22  Marine  
  65  5:45  Supply Depot  
  65  5:46  SCV x2, Marine  
  65  5:48  Supply Depot, Missile Turret  
  68  5:51  Missile Turret, Liberator  
  68  5:54  Marine x2  
  68  5:56  Command Center  
  70  5:58  Supply Depot  
  70  5:59  Supply Depot  
  70  6:06  Marine x3  
  70  6:09  SCV  
  70  6:10  Thor  
  83  6:11  Marine  
  83  6:12  Marine  
  83  6:14  Supply Depot  
  85  6:21  SCV  
  85  6:22  Medivac  
  85  6:23  SCV  
  89  6:26  Concussive Shells  
  89  6:31  Barracks  
  89  6:34  Barracks  
  89  6:37  Starport  
  89  6:40  Terran Infantry Armor Level 1  
  89  6:43  Factory  
  89  6:44  Marine x2  
  91  6:52  Marine  
  93  6:54  SCV  
  93  7:04  Terran Infantry Weapons Level 2  
  93  7:05  Marine x4  
  97  7:08  Sensor Tower  
  97  7:15  SCV  
  98  7:24  SCV  
  98  7:26  Starport Reactor  
  98  7:27  Viking  
  98  7:28  Missile Turret  
  98  7:29  Bunker  
  101  7:31  Supply Depot, Missile Turret  
  101  7:33  Supply Depot  
  101  7:34  Marine, Medivac  
  101  7:35  Marine x3  
  107  7:37  Factory Tech Lab  
  107  7:38  Barracks Reactor  
  107  7:51  Supply Depot  
  107  7:52  Missile Turret  
  107  7:55  Planetary Fortress  
  107  7:57  Refinery, Medivac  
  109  8:00  SCV  
  110  8:09  SCV  
  110  8:12  SCV  
  112  8:16  Command Center, Marauder, Marine  
  115  8:21  SCV  
  115  8:24  SCV  
  115  8:26  Supply Depot, Marine x2  
  115  8:27  Marine x2  
  119  8:30  Marine x2  
  119  8:31  Siege Tank  
  119  8:33  SCV, Marine  
  128  8:37  Marauder  
  130  8:44  Reaper, Marine  
  130  8:45  Reaper, Marine  
  130  8:47  Marine  
  115  8:59  Marauder  
  115  9:01  SCV  
  115  9:02  Marine x4  
  119  9:05  Marine  
  119  9:07  Siege Tank  
  119  9:08  SCV  
  126  9:10  Medivac  
  126  9:11  SCV  
  126  9:16  Marine x2  
  126  9:17  Bunker  
  131  9:19  Refinery, Missile Turret  
  131  9:20  Marauder  
  133  9:39  Marine x3  
  133  9:40  Marine x4  
  133  9:44  SCV  
Show
View Real Time Build Order
Export as new Build Order

Javert Zerg 

Build Orders: Hatch First, Muta Ling Bane 

Get SALT Encoding   

  12  0:01  Drone  
  13  0:14  Overlord  
  13  0:18  Drone  
  14  0:32  Drone x2  
  16  0:37  Drone  
  17  0:52  Hatchery  
  16  0:59  Drone x2  
  16  1:02  Extractor  
  17  1:10  Drone  
  18  1:20  Spawning Pool  
  18  1:25  Drone  
  18  1:32  Drone  
  19  1:49  Hatchery  
  18  2:01  Overlord  
  18  2:07  Queen  
  20  2:13  Queen  
  22  2:23  Drone x2  
  22  2:24  Drone  
  22  2:26  Drone  
  26  2:39  Metabolic Boost  
  26  2:41  Zergling x4  
  28  2:45  Drone  
  29  2:52  Queen  
  31  3:01  Drone x3  
  34  3:11  Drone x3  
  37  3:16  Overlord  
  37  3:22  Drone  
  37  3:23  Drone x3  
  41  3:31  Drone, Overlord  
  42  3:44  Baneling Nest, Drone x4  
  42  3:45  Extractor  
  44  3:49  Queen  
  46  4:05  Zergling x2  
  46  4:06  Zergling x16  
  55  4:11  Extractor  
  55  4:12  Overlord  
  54  4:19  Overlord x2  
  54  4:27  Drone x4  
  58  4:37  Drone x4  
  62  4:41  Extractor  
  62  4:42  Overlord x2  
  61  4:47  Lair  
  61  4:51  Drone x2  
  63  5:00  Baneling  
  63  5:01  Baneling x12  
  63  5:02  Baneling  
  63  5:06  Zergling x4  
  57  5:32  Drone  
  57  5:33  Drone x15  
  71  5:40  Extractor  
  70  5:42  Extractor  
  70  5:45  Spore Crawler  
  70  5:49  Spire  
  67  5:51  Spore Crawler  
  67  5:56  Drone  
  67  5:57  Drone x5  
  69  5:58  Centrifical Hooks  
  72  6:12  Overlord x2  
  72  6:13  Drone x2, Overlord x2  
  74  6:19  Overlord  
  74  6:20  Overlord  
  74  6:30  Overlord x2  
  74  6:40  Overlord x2  
  74  7:01  Mutalisk x10  
  73  7:02  Mutalisk x3  
  73  7:05  Overseer  
  99  7:08  Overlord x2  
  99  7:10  Zergling x10  
  104  7:19  Zergling x12  
  104  7:21  Spore Crawler  
  109  7:26  Zerg Flyer Armor Level 1  
  109  7:34  Mutalisk x3  
  114  7:48  Burrow, Drone x4  
  114  7:49  Drone x9  
  127  7:57  Overlord  
  127  8:05  Hatchery  
  124  8:12  Zergling x10  
  128  8:13  Zergling x10  
  133  8:22  Baneling x8  
  133  8:23  Baneling x10  
  133  8:24  Zergling x2  
  133  8:25  Zergling x6  
  137  8:32  Zergling x2  
  137  8:33  Zergling x6  
  102  9:01  Mutalisk x9  
  105  9:06  Baneling  
  105  9:07  Baneling x4  
  105  9:14  Zergling x18  
  114  9:24  Spine Crawler  
  113  9:26  Zergling x12  
  119  9:32  Hatchery  
  119  9:33  Extractor  
  119  9:34  Extractor  
  119  9:36  Baneling x11  
  108  9:50  Hatchery, Extractor  
  108  9:52  Extractor  
Tags
 
Add a new tag
Caveats
  • Supply blocks, unpowered buildings, or Contaminate may cause inaccurate times.
  • Supply counts are checked every 10 seconds.